 Dungeon Crawl Stone Soup version 0.22-b1-26-g9dbaab1 (webtiles) character file.

75 Doobh the Sneak (level 4, 0/27 HPs)
             Began as a Kobold Assassin on Aug 9, 2018.
             Succumbed to kobold's curare-tipped needle
             ... on level 3 of the Dungeon.
             The game lasted 00:06:57 (2497 turns).

Doobh the Sneak (Kobold Assassin)                   Turns: 2497, Time: 00:06:58

Health: 0/27       AC:  3    Str:  8    XL:     4   Next: 55%
Magic:  4/4        EV: 21    Int: 12    God:
Gold:   47         SH:  0    Dex: 24    Spells: 3/3 levels left

rFire    . . .     SeeInvis .   a - +2 dagger
rCold    . . .     Gourm    .   (shield restricted)
rNeg     . . .     Faith    .   c - +0 robe
rPois    .         Spirit   .   (no helmet)
rElec    .         Reflect  .   d - +0 cloak
rCorr    .         Harm     .   (no gloves)
MR       .....                  (no boots)
Stlth    +++++.....             (no amulet)
HPRegen  0.09/turn              m - +2 ring of dexterity
MPRegen  0.09/turn              (no ring)

@: agile, lethally poisoned (0 -> -8), flying, slowed, very slow
A: small, carnivore
a: no special abilities


You were on level 3 of the Dungeon.
You were completely stuffed.

You visited 1 branch of the dungeon, and saw 3 of its levels.

You collected 47 gold pieces.

Inventory:

Hand Weapons
 a - a +2 dagger (weapon)
 b - a +0 blowgun
Missiles
 e - 8 poisoned needles
 f - 2 curare-tipped needles
 n - 2 needles of confusion
Armour
 c - a +0 robe (worn)
 d - a +0 cloak (worn)
Jewellery
 m - a +2 ring of dexterity (left hand)
Scrolls
 j - 6 scrolls of remove curse
Potions
 p - a potion of mutation {unknown}
Comestibles
 g - 4 rations


   Skills:
 + Level 2.9 Fighting
 * Level 4.0 Short Blades
 + Level 2.7 Throwing
 + Level 2.2 Dodging
 + Level 5.7 Stealth


You had 3 spell levels left.
You didn't know any spells.
Your spell library was empty.

Dungeon Overview and Level Annotations

Branches:
Dungeon (3/15)

Altars:
Qazlal
Ru
Wu Jian

Annotations:
D:3 Grinder


Innate Abilities, Weirdness & Mutations

You are small and have problems with some larger weapons.
You are carnivorous and can eat meat at any time.


Message History

You feel sick. The bat barely misses you.
The kobold throws a stone.
The stone hits you but does no damage.
You see here a stone.
You feel sick. The bat barely misses you.
The kobold throws a stone.
The stone closely misses you. The frilled lizard misses you.
The hobgoblin hits you with a club!
* * * LOW HITPOINT WARNING * * *
You see here a stone.
Your surroundings suddenly seem different.
* * * LOW HITPOINT WARNING * * *
You feel sick.
It was a potion of flight.
You feel very buoyant.
You fly up into the air.
* * * LOW HITPOINT WARNING * * *
You feel sick.
It was a potion of agility.
You feel agile all of a sudden.
You hear the slow rusting of a very distant drain.
You die...

### ... #.# #.# #
#.########## ...##
#@.........#
.....###..........#
..............>...# ###
..g...............+ ... #
......##.#.........##.##.#
............#.............#
#.......#.#.#$#......#.#..#
#.......#.#.#.#....#w..#..#
##......##.#.#.##.#.#.#.....


There were no monsters in sight!

Vanquished Creatures
  An adder (D:2)
  2 oozes
  A worm (D:2)
  2 leopard geckos
  An orc (D:3)
  2 giant cockroaches
  4 goblins
  8 hobgoblins
  8 jackals (D:1)
  2 bats (D:1)
  5 frilled lizards
  4 kobolds
  9 rats
49 creatures vanquished.

Notes
Turn   | Place    | Note
-------+----------+-------------------------------------------
     0 | D:1      | Doobh the Kobold Assassin began the quest for the Orb.
     0 | D:1      | Reached XP level 1. HP: 12/12 MP: 1/1
   457 | D:1      | Reached XP level 2. HP: 15/17 MP: 2/2
   790 | D:1      | Reached XP level 3. HP: 22/22 MP: 3/3
  1359 | D:2      | Reached XP level 4. HP: 10/27 MP: 4/4
  1958 | D:2      | Found a stormy altar of Qazlal.
  2168 | D:2      | Found an ornate altar of the Wu Jian Council.
  2333 | D:3      | Noticed Grinder
  2389 | D:3      | Found a sacrificial altar of Ru.
  2496 | D:3      | HP: 1/27 [poisoned by kobold (curare-tipped needle)]
  2497 | D:3      | Succumbed to kobold's curare-tipped needle

Skill      XL: |  1  2  3  4 |
---------------+-------------+-----
Short Blades   | 3 4 |  4.0
Dodging        | 2 |  2.2
Fighting       | |  2.9
Throwing       | |  2.7
Stealth        | |  5.7

Action                   |  1- 3 |  4- 6 || total
-------------------------+-------+-------++-------
Melee: Dagger            |   101 |    45 ||   146
 Fire: Blowgun           |       |     5 ||     5
  Use: Scroll            |     4 |     2 ||     6
       Potion            |       |     3 ||     3
 Stab: Sleeping          |     7 |     5 ||    12
  Eat: Chunk             |    10 |     3 ||    13
Armor: Robe              |    28 |    21 ||    49
Dodge: Dodged            |    66 |    95 ||   161
